 Dungeon Crawl Stone Soup version 0.26.1-2-gb8aa6d0cf2 (webtiles) character file.

Game seed: 1226897924979385668

2078 windgrace the Magician (level 9, -5/84 HPs)
             Began as a Troll Warper on Feb 14, 2021.
             Was a Believer of Okawaru.
             Slain by a killer bee (10 damage)
             ... on level 7 of the Dungeon on Feb 15, 2021.
             The game lasted 00:33:41 (5748 turns).

windgrace the Magician (Troll Warper)               Turns: 5748, Time: 00:33:42

Health: -5/84      AC:  7    Str: 21    XL:     9   Next: 6%
Magic:  14/14      EV: 10    Int: 10    God:    Okawaru [**....]
Gold:   410        SH:  0    Dex: 11    Spells: 12/16 levels left

rFire    . . .     SeeInvis .   r - +3 quarterstaff (chaos)
rCold    . . .     Faith    .   (shield currently unavailable)
rNeg     . . .     Spirit   .   a - +0 robe
rPois    .         Reflect  .   (helmet restricted)
rElec    .         Harm     .   t - +0 cloak
rCorr    .         Rampage  .   (gloves unavailable)
Will     .....                  (boots unavailable)
Stlth    ++........             (no amulet)
HPRegen  0.64/turn              C - ring of stealth
MPRegen  0.14/turn              (no ring)

@: attractive, hasted, very quick
A: large, unfitting armour, claws 3, regeneration 1, shaggy fur 1, tough skin 3
a: Renounce Religion, Heroism


You were on level 7 of the Dungeon.
You worshipped Okawaru.
Okawaru was pleased with you.
You visited 2 branches of the dungeon, and saw 8 of its levels.

You collected 410 gold pieces.

Inventory:

Hand Weapons
 k - a +4 dagger
 r - a +3 quarterstaff of chaos (weapon)
 s - a +0 rapier
 u - a +2 vorpal hand axe
 D - a +0 rapier of holy wrath
Missiles
 d - 4 boomerangs of dispersal
 o - 8 atropa-tipped darts (quivered)
 v - 4 javelins
Armour
 a - a +0 robe (worn)
 t - a +0 cloak (worn)
Jewellery
 C - a ring of stealth (left claw)
Wands
 x - a wand of random effects (11)
Scrolls
 c - a scroll of blinking
 e - 3 scrolls of teleportation
 f - 4 scrolls of magic mapping {unknown}
 h - 5 scrolls of identify
 i - 3 scrolls of enchant armour {unknown}
 m - a scroll of immolation {unknown}
 n - 6 scrolls of remove curse
 p - a scroll of enchant weapon {unknown}
 w - 4 scrolls of amnesia {unknown}
 y - a scroll of random uselessness {unknown}
 B - a scroll of fog {unknown}
Potions
 b - 3 potions of attraction
 g - 2 potions of heal wounds
 j - a potion of might {unknown}
 l - a potion of haste
 q - a potion of berserk rage {unknown}
 z - 2 potions of magic {unknown}


   Skills:
 - Level 4.0 Fighting
 - Level 1.0 Short Blades
 - Level 1.9(3.0) Polearms
 - Level 3.7(4.0) Staves
 - Level 1.0 Throwing
 + Level 2.8 Dodging
 - Level 2.0 Unarmed Combat
 - Level 4.0 Spellcasting
 - Level 3.0 Summonings
 - Level 3.0 Translocations
 - Level 4.0 Invocations


You had 12 spell levels left.
You knew the following spells:

 Your Spells              Type           Power        Failure   Level
a - Blink                 Tloc           N/A          11%         2
b - Call Imp              Summ           8%           11%         2

Your spell library contained the following spells:

 Spells                   Type           Power        Failure   Level
 Gell's Gravitas          Tloc           4%           22%         3
 Lesser Beckoning         Tloc           4%           22%         3
 Teleport Other           Tloc           8%           22%         3
 Magic Dart               Conj           8%           26%         1
 Slow                     Hex            2%           36%         2
 Conjure Flame            Conj/Fire      2%           58%         3
 Mephitic Cloud           Conj/Pois/Air  2%           58%         3
 Passage of Golubria      Tloc           N/A          58%         4


Dungeon Overview and Level Annotations

Branches:
Dungeon (7/15)             Temple (1/1) D:5

Altars:
Ashenzari
Cheibriados
Dithmenos
Elyvilon
Gozag
Hepliaklqana
Kikubaaqudgha
Makhleb
Nemelex Xobeh
Okawaru
Qazlal
Ru
Sif Muna
Trog
Uskayaw
Vehumet
Wu Jian
Xom
Yredelemnul
Zin
The Shining One

Shops:
D:5 =   D:6 (

Annotations:
D:7 1 transporter, Hehehe's ghost, novice DDFi


Innate Abilities, Weirdness & Mutations

You are too large for most types of armour.
You have claws for hands.
Your natural rate of healing is unusually fast.
You are covered in fur. (AC +1)
You have extremely tough skin. (AC +3)


Message History

The queen bee is pulled toward you!
You hit the killer bee.
You feel better.
The killer bee is lightly wounded.
The killer bee stings you but does no damage.
Hehehe's ghost is pulled toward you!
You hit the killer bee. You drain the killer bee.
The killer bee is heavily wounded.
You hear an angry buzzing noise.
The killer bee is pulled toward you!
You thump the killer bee!
The killer bee is moderately wounded.
The killer bee stings you but does no damage.
The killer bee stings you.
* * * LOW HITPOINT WARNING * * *
The killer bee stings you.
* * * LOW HITPOINT WARNING * * *
The killer bee stings you!
* * * LOW HITPOINT WARNING * * *
The killer bee stings you!
You die...

....###......#######.#######
...........©.......#.##
.....#############....#
....#####yyy$?#####...#
†..###.#.#yy.#...###..#
#..##..#..###..#..##..#
#..### .y#.$.#...###..#
#...#####..#..#####...#
##.###...#.W.#yy@###..#
#.##..#..###yy#y.##.[#
#.###../#...#..!###..#
#..#####..§..#####[..#
##..#############....#
##.......©.........##
########.........##
###########


You could see 5 killer bees.

Vanquished Creatures
  Eustachio (D:5)
  An orc warrior (D:6)
  3 ice beasts
  A phantom (D:6)
  An ogre (D:4)
  A centaur (D:6)
  3 bullfrogs
  3 scorpions
  A water moccasin skeleton (D:7)
  3 howler monkeys
  A crimson imp (D:7)
  3 hounds
  3 orc wizards (D:6)
  An orc priest (D:4)
  Crazy Yiuf (D:3)
  3 bullfrog skeletons
  2 worker ants
  A hound zombie (D:5)
  3 gnolls (D:7)
  9 adders
  A shadow imp (D:6)
  2 white imps
  An ooze (D:4)
  A worm (D:2)
  A dart slug (D:1)
  2 leopard geckos
  20 orcs
  2 ball pythons
  4 giant cockroaches
  6 goblins
  2 hobgoblins
  2 jackals (D:6)
  4 quokkas
  3 bats (D:2)
  2 frilled lizards
  A jackal skeleton (D:6)
  3 kobolds
  6 rats
108 creatures vanquished.

Notes
Turn   | Place    | Note
-------+----------+-------------------------------------------
     0 | D:1      | windgrace the Troll Warper began the quest for the Orb.
     0 | D:1      | Reached XP level 1. HP: 19/19 MP: 1/1
    76 | D:1      | Reached skill level 1 in Throwing
   115 | D:1      | Reached XP level 2. HP: 26/28 MP: 3/3
   340 | D:1      | Learned a level 2 spell: Blink
   779 | D:2      | Found a shimmering blue altar of Sif Muna.
   794 | D:2      | Reached XP level 3. HP: 33/35 MP: 3/5
   961 | D:2      | Found a faded altar of an unknown god.
  1580 | D:3      | Found a runed translucent door.
  1581 | D:3      | Noticed Crazy Yiuf
  1626 | D:3      | Killed Crazy Yiuf
  1627 | D:3      | Reached XP level 4. HP: 19/42 MP: 6/6
  1839 | D:3      | Reached skill level 1 in Short Blades
  2299 | D:4      | Reached skill level 1 in Staves
  2299 | D:4      | Reached XP level 5. HP: 49/49 MP: 7/7
  2321 | D:4      | Learned a level 2 spell: Call Imp
  2386 | D:4      | Reached XP level 6. HP: 57/57 MP: 8/8
  2626 | D:4      | Found an iron altar of Okawaru.
  2648 | D:4      | Became a worshipper of Warmaster Okawaru
  2825 | D:5      | Entered Level 5 of the Dungeon
  2826 | D:5      | Noticed an ice beast
  2833 | D:5      | Killed an ice beast
  2834 | D:5      | Reached XP level 7. HP: 47/65 MP: 9/11
  2851 | D:5      | Found Avvur's Jewellery Emporium.
  2880 | D:5      | Found a staircase to the Ecumenical Temple.
  2885 | Temple   | Entered the Ecumenical Temple
  3094 | D:5      | You fall into a shaft and drop 2 floors!
  3134 | D:7      | Noticed a queen bee
  3143 | D:7      | Noticed Hehehe's ghost (novice DDFi)
  3162 | D:7      | Found a transporter.
  3166 | D:7      | Found a transporter.
  3179 | D:7      | Reached * piety under Okawaru
  3180 | D:7      | Reached skill level 1 in Summonings
  3328 | D:7      | Noticed a troll
  3415 | D:7      | Banished a troll
  3488 | D:6      | Reached XP level 8. HP: 15/74 MP: 13/13
  3637 | D:6      | Found an ancient bone altar of Kikubaaqudgha.
  3702 | D:5      | Noticed Eustachio
  3710 | D:5      | Killed Eustachio
  4055 | D:5      | Reached skill level 1 in Invocations
  4860 | D:6      | Found a glowing silver altar of Zin.
  4860 | D:6      | Found a snail-covered altar of Cheibriados.
  5052 | D:6      | Reached ** piety under Okawaru
  5053 | D:6      | Reached skill level 1 in Polearms
  5201 | D:6      | Found Kowotriu's Weapon Boutique.
  5215 | D:6      | Found a white marble altar of Elyvilon.
  5543 | D:7      | Found a glowing golden altar of the Shining One.
  5550 | D:7      | Reached XP level 9. HP: 77/84 MP: 14/14
  5748 | D:7      | Slain by a killer bee

Illustrated notes

Levels and vault maps discovered:
D:1:      saegor_arrival_simple_b, layout_loops_cross
D:2:      layout_basic, lemuel_crystal_altar,
          chequers_ecumenical_altar_simple_redux, dk_vineyard_3
D:3:      layout_rooms, serial_rivers, chequers_serial_rivers_micro_e,
          chequers_serial_rivers_room_a, chequers_serial_rivers_micro_d,
          chequers_serial_rivers_large_a, chequers_serial_rivers_room_a,
          chequers_serial_rivers_small_b, uniq_crazy_yiuf_cottage
D:4:      layout_loops_cross, kennysheep_little_box
D:5:      layout_layer_cave, temple_doors_e, serial_shops, shop_coins,
          uniq_eustachio
D:6:      layout_rooms, nicolae_overflow_crystal_walls,
          chequers_temple_overflow_statue_of_worship, kiku_gazebo_pond_becter,
          serial_shops, shop
D:7:      layout_basic, tso_altar, gammafunk_ghost_hive, minmay_fire_ice_demons
Temple:   zaba_magenta_temple

Skill      XL: |  1  2  3  4  5  6  7  8 |
---------------+-------------------------+-----
Throwing       | 1 |  1.0
Dodging        | 2 |  2.8
Fighting       | 2 4 |  4.0
Spellcasting   | 2 3 4 |  4.0
Translocations | 3 |  3.0
Short Blades   | 1 |  1.0
Staves         | 1 3 |  3.7
Summonings     | 3 |  3.0
Invocations    | 4 |  4.0
Polearms       | 1 |  1.9
Unarmed Combat | |  2.0

Action                   |  1- 3 |  4- 6 |  7- 9 || total
-------------------------+-------+-------+-------++-------
Melee: Unarmed           |    60 |       |       ||    60
       Dagger            |    63 |       |       ||    63
       Punch             |     1 |       |       ||     1
       Quarterstaff      |       |    65 |   229 ||   294
Throw: Dart              |     2 |       |       ||     2
       Boomerang         |     1 |       |       ||     1
 Cast: Call Imp          |       |       |     6 ||     6
Evoke: Wand              |       |       |     2 ||     2
  Use: Scroll            |       |     4 |     2 ||     6
       Potion            |       |       |     4 ||     4
 Stab: Sleeping          |       |       |     3 ||     3
       Distracted        |       |       |     1 ||     1
Armor: Robe              |    35 |    27 |   100 ||   162
Dodge: Dodged            |    47 |    29 |   136 ||   212
